AoeStats
← Dinolicious.

Arabia

507689131Analyzed
2v2 RM · 13d ago on Sep 19, 2026· 55m 20s· 4 players
Game mode
Random Map
Map size
Medium (4 player)
Population
200
Speed
Normal
Resources
Standard
Victory
Conquest
Starting age
Dark Age
Ending age
Imperial Age
RankedLock teamsTeams togetherTeam positionsShared explorationLock speedFull tech treeHidden civsTurbo modeCheats
Victory
Defeat
🇩🇪 Khmer · Germany
1064
+16
🇦🇹 Burgundians · Austria
1041
+17
🇳🇴 Saracens · Norway
1068
-16
🇳🇴 Armenians · Norway
1068
-17
Ļﮔ
6:19 Loom
9:22 Feudal Age
8:04 Double-Bit Axe
17:43 Castle Age
16:53 Gold Mining
17:43 Cavalier
19:18 Husbandry
20:30 Squires
28:37 Wheelbarrow
32:35 Scale Barding Armor
32:40 Forging
37:47 Imperial Age
37:57 Paladin
40:27 Chain Barding Armor
40:43 Iron Casting
42:34 Plate Barding Armor
42:01 Stone Mining
42:00 Pikeman
42:29 Arson
45:52 Halberdier
53:12 Fletching
53:22 Scale Mail Armor
54:11 Conscription
Dinolicious.
7:21 Loom
10:19 Feudal Age
11:24 Double-Bit Axe
15:16 Wheelbarrow
19:02 Castle Age
18:47 Horse Collar
24:04 Crossbowman
28:27 Forging
28:12 Fletching
30:11 Hand Cart
29:41 Town Watch
30:23 Bodkin Arrow
30:29 Padded Archer Armor
30:35 Scale Barding Armor
34:48 Imperial Age
35:00 Town Patrol
35:22 Leather Archer Armor
36:14 Conscription
37:17 Chemistry
35:42 Arbalester
36:40 Bow Saw
36:57 Bracer
37:28 Ring Archer Armor
39:11 Ballistics
39:33 Husbandry
39:44 Bloodlines
38:55 Light Cavalry
40:00 Forging
39:54 Gold Mining
39:55 Stone Mining
40:50 Heated Shot
44:36 Gold Shaft Mining
52:20 Iron Casting
53:42 Siege Engineers
vegardx
3:29 Loom
10:28 Feudal Age
13:14 Horse Collar
14:15 Double-Bit Axe
19:58 Castle Age
18:44 Stone Mining
19:54 Padded Archer Armor
19:45 Fletching
21:15 Bow Saw
20:34 Pikeman
22:43 Pikeman
23:53 Scale Mail Armor
25:01 Chain Mail Armor
25:17 Bow Saw
25:51 Squires
27:44 Forging
28:17 Elite Skirmisher
29:43 Bodkin Arrow
30:05 Leather Archer Armor
31:36 Bodkin Arrow
34:30 Halberdier
39:50 Iron Casting
40:17 Wheelbarrow
40:04 Heavy Plow
41:22 Hand Cart
46:06 Scale Barding Armor
48:38 Gold Mining
*****in' Andy
8:17 Loom
10:53 Feudal Age
12:04 Double-Bit Axe
20:35 Castle Age
18:48 Horse Collar
19:46 Bloodlines
21:58 Husbandry
22:01 Gold Mining
23:17 Bow Saw
29:38 Scale Barding Armor
29:44 Forging
32:58 Stone Mining
43:57 Iron Casting
43:42 Chain Barding Armor
46:25 Imperial Age
48:56 Man-at-Arms
51:29 Conscription
50:36 Light Cavalry
53:37 Plate Barding Armor
Connection lost

Rejoining the realm…

Still unreachable

The connection could not be restored.

Session expired

The server has moved on; the page needs a fresh start.